AoeStats
← FishCrates

Lombardia

509499765Analyzed
2v2 RM · 6d ago on Sep 27, 2026· 30m 20s· 4 players
Game mode
Random Map
Map size
Medium (4 player)
Population
200
Speed
Normal
Resources
Standard
Victory
Conquest
Starting age
Dark Age
Ending age
Imperial Age
RankedLock teamsTeams togetherTeam positionsShared explorationLock speedFull tech treeHidden civsTurbo modeCheats
Victory
Defeat
🇺🇸 Shu · United States
1519
+13
🇺🇸 Turks · United States
1482
+14
🇺🇸 Italians · United States
1452
-14
🇺🇸 Japanese · United States
1439
-13
Dromophobia
6:45 Loom
9:10 Feudal Age
9:21 Man-at-Arms
9:50 Double-Bit Axe
18:18 Castle Age
16:46 Horse Collar
17:13 Fletching
19:03 Bodkin Arrow
25:09 Ballistics
26:14 Wheelbarrow
27:10 Bloodlines
29:54 Padded Archer Armor
Andraste
5:51 Loom
9:15 Feudal Age
10:22 Double-Bit Axe
11:20 Horse Collar
19:24 Castle Age
17:57 Bloodlines
19:46 Scale Barding Armor
23:35 Bow Saw
26:09 Chain Barding Armor
31:15 Wheelbarrow
washed_king
6:53 Loom
9:24 Feudal Age
9:52 Horse Collar
10:03 Double-Bit Axe
18:11 Wheelbarrow
19:29 Bloodlines
21:51 Castle Age
20:15 Scale Barding Armor
20:21 Forging
20:34 Gold Mining
22:41 Husbandry
23:03 Chain Barding Armor
23:14 Bow Saw
26:34 Heavy Plow
30:08 Iron Casting
31:24 Gold Shaft Mining
FishCrates
6:49 Loom
9:19 Feudal Age
10:18 Double-Bit Axe
13:45 Fletching
19:22 Castle Age
17:34 Gold Mining
17:26 Horse Collar
20:00 Bodkin Arrow
19:26 Crossbowman
20:20 Bow Saw
21:01 Padded Archer Armor
24:33 Wheelbarrow
25:07 Ballistics
27:16 Thumb Ring
30:16 Imperial Age
28:20 Hand Cart
29:37 Town Watch
Connection lost

Rejoining the realm…

Still unreachable

The connection could not be restored.

Session expired

The server has moved on; the page needs a fresh start.